General information
- name: BNet
- type: Ladder team game (AT/RT)
- host: Battle.net
- saver: T1M0N
map: LostTemple
- players: 4
- length: 14:07
- speed: Fast
- version: 1.24 W3XP
- replay type: Public
» download(112 KB)
Players
team 1 (winner)
pumba1 (
teal | 171 APM | 2404 actions | 14:05)
4 Blademaster
2 Wind Walk
2 Critical Strike
3 Shadow Hunter
1 Hex
2 Healing Wave
» actions
| Assign group hotkey | 30 | |
| Basic commands | 8 | |
| Build / train | 72 | |
| ESC pressed | 1 | |
| Enter build submenu | 13 | |
| Enter hero's abilities submenu | 7 | |
| Give item / drop item | 1 | |
| Remove unit from queue | 2 | |
| Right click | 993 | |
| Select / deselect | 341 | |
| Select group hotkey | 846 | |
| Use ability | 90 | |
2404 total
» units
| Peon | 9 | |
| Grunt | 6 | |
| Raider | 5 | |
| Spirit Walker | 4 | |
| Troll Batrider | 5 | |
29 total
» upgrades
| Ensnare | 1 | |
| Spirit Walker Training | 1 | |
| Berserker Strength | 1 | |
3 total
» buildings
| Altar of Storms | 1 | |
| Orc Burrow | 8 | |
| Voodoo Lounge | 1 | |
| Barracks | 1 | |
| Stronghold | 4 | |
| Beastiary | 1 | |
| Spirit Lodge | 1 | |
17 total
» build order
00:05 Altar of Storms
00:15 Orc Burrow
00:49 Voodoo Lounge
01:23 Barracks
01:43 Orc Burrow
01:52 Orc Burrow
02:56 Stronghold
02:56 Stronghold
04:09 Orc Burrow
05:19 Beastiary
05:20 Spirit Lodge
06:30 Orc Burrow
06:36 Orc Burrow
08:27 Orc Burrow
08:28 Orc Burrow
» items
| Healing Salve | 3 | |
| Scroll of Speed | 2 | |
| Lesser Clarity Potion | 1 | |
6 total

»
T1M0N (
pink | 130 APM | 1833 actions | 14:07)
3 Death Knight
2 Death Coil
1 Unholy Aura
3 Lich
2 Frost Nova
1 Dark Ritual
» actions
| Assign group hotkey | 41 | |
| Build / train | 54 | |
| ESC pressed | 1 | |
| Enter build submenu | 11 | |
| Enter hero's abilities submenu | 6 | |
| Give item / drop item | 2 | |
| Remove unit from queue | 5 | |
| Right click | 1124 | |
| Select / deselect | 282 | |
| Select group hotkey | 225 | |
| Use ability | 82 | |
1833 total
» units
| Acolyte | 7 | |
| Ghoul | 7 | |
| Crypt Fiend | 10 | |
| Obsidian Statue | 4 | |
28 total
» upgrades
» buildings
| Altar of Darkness | 1 | |
| Ziggurat | 5 | |
| Crypt | 1 | |
| Tomb of Relics | 1 | |
| Halls of the Dead | 1 | |
| Graveyard | 1 | |
| Slaughterhouse | 1 | |
| Black Citadel | 1 | |
12 total
» build order
00:08 Altar of Darkness
00:10 Ziggurat
00:24 Crypt
00:53 Tomb of Relics
01:19 Ziggurat
03:26 Halls of the Dead
03:29 Graveyard
04:32 Ziggurat
06:59 Slaughterhouse
07:44 Black Citadel
08:25 Ziggurat
09:03 Ziggurat
» items
| Rod of Necromancy | 3 | |
| Potion of Mana | 1 | |
| Orb of Corruption | 1 | |
5 total
team 2 (loser)
Greg.iam (
blue | 147 APM | 2045 actions | 13:52)
2 Archmage
1 Summon Water Elemental
1 Brilliance Aura
1 Mountain King
1 Storm Bolt
» actions
| Assign group hotkey | 211 | |
| Basic commands | 85 | |
| Build / train | 50 | |
| ESC pressed | 1 | |
| Enter build submenu | 20 | |
| Enter hero's abilities submenu | 3 | |
| Give item / drop item | 1 | |
| Right click | 779 | |
| Select / deselect | 335 | |
| Select group hotkey | 484 | |
| Use ability | 76 | |
2045 total
» units
| Peasant | 22 | |
| Footman | 9 | |
| Spell Breaker | 5 | |
| Knight | 2 | |
38 total
» upgrades
» buildings
| Altar of Kings | 1 | |
| Barracks | 1 | |
| Farm | 7 | |
| Keep | 1 | |
| Lumber Mill | 1 | |
| Scout Tower | 1 | |
| Arcane Vault | 1 | |
| Arcane Tower | 1 | |
| Arcane Sanctum | 1 | |
| Castle | 1 | |
| Blacksmith | 1 | |
| Town Hall | 1 | |
18 total
» build order
00:06 Altar of Kings
00:21 Barracks
00:38 Farm
00:49 Farm
01:46 Farm
02:21 Farm
02:22 Farm
02:52 Keep
04:11 Lumber Mill
04:41 Scout Tower
04:47 Arcane Vault
05:37 Farm
05:38 Arcane Tower
06:40 Arcane Sanctum
07:39 Castle
07:42 Blacksmith
07:44 Farm
10:36 Town Hall
» items
| Scroll of Regeneration | 1 | |
| Scroll of Town Portal | 1 | |
2 total
Laydown (
yellow | 176 APM | 2473 actions | 14:05)
2 Death Knight
1 Death Coil
1 Unholy Aura
1 Lich
1 Frost Nova
» actions
| Assign group hotkey | 334 | |
| Basic commands | 102 | |
| Build / train | 55 | |
| ESC pressed | 1 | |
| Enter build submenu | 11 | |
| Enter hero's abilities submenu | 3 | |
| Give item / drop item | 2 | |
| Right click | 927 | |
| Select / deselect | 282 | |
| Select group hotkey | 664 | |
| Use ability | 92 | |
2473 total
» units
| Acolyte | 3 | |
| Ghoul | 6 | |
| Crypt Fiend | 11 | |
| Obsidian Statue | 3 | |
23 total
» upgrades
| Creature Attack | 1 | |
| Burrow | 1 | |
| Destroyer Form | 1 | |
3 total
» buildings
| Crypt | 2 | |
| Graveyard | 1 | |
| Altar of Darkness | 1 | |
| Ziggurat | 4 | |
| Tomb of Relics | 1 | |
| Nerubian Tower | 1 | |
| Halls of the Dead | 2 | |
| Black Citadel | 5 | |
| Slaughterhouse | 1 | |
18 total
» build order
00:06 Crypt
00:08 Crypt
00:13 Graveyard
00:41 Altar of Darkness
00:57 Ziggurat
01:22 Tomb of Relics
02:09 Ziggurat
02:35 Nerubian Tower
04:09 Halls of the Dead
04:09 Halls of the Dead
04:34 Ziggurat
06:31 Black Citadel
06:31 Black Citadel
06:31 Black Citadel
07:42 Slaughterhouse
10:56 Ziggurat
» items
| Rod of Necromancy | 3 | |
| Dust of Appearance | 2 | |
| Scroll of Town Portal | 2 | |
| Potion of Healing | 2 | |
| Orb of Corruption | 1 | |
10 total
Chat log
(03:46 / Allies) T1M0N: am
(12:37 / Allies) T1M0N: am
(13:01 / Allies) T1M0N: dk
(13:57 / All) Laydown: gg
(13:58 / All) Laydown: wp
(13:59 / Allies) T1M0N: w
(14:00 / All) T1M0N: wp
(14:01 / All) pumba1: gg